[Event "Titled Tuesday Blitz April 4 Early 2023"]
[White "Gontcharov, Vladislav"]
[Black "Manukyan, Artyom"]
[WhiteFideId "4123492"]
[BlackFideId "13305786"]
[WhiteElo "2420"]
[BlackElo "2078"]
[Result "0-1"]
[Round "07"]
[TimeControl "180+2"]
[Date "2023.04.04"]
[WhiteClock "0:00:17"]
[BlackClock "0:00:04"]

1. d4 d5 2. c4 e6 3. Nc3 Nf6 4. Bg5 c5 5. cxd5 cxd4 6. Qa4+ Qd7 7. Qxd4 Nc6 8. Qd2 Nxd5 9. Nxd5 exd5 10. a3 Bc5 11. Nf3 O-O 12. Rc1 Bb6 13. g3 h6 14. Bf4 Re8 15. h4 Na5 16. Bh3 Qb5 17. Rxc8 Raxc8 18. Bxc8 Rxc8 19. O-O Nc4 20. Qd3 Qxb2 21. Qxd5 Qxe2 22. Qxb7 Rd8 23. Kg2 Nxa3 24. Bc7 Qe7 25. Rc1 Nb5 26. Bxb6 Qxb7 27. Bxd8 Nd4 28. Rc3 Nxf3 29. Rxf3 Qe4 30. Bc7 f5 31. Bf4 Kh7 32. Bd6 a5 33. Bf4 a4 34. h5 a3 35. Bc1 a2 36. Bb2 Kg8 37. Ba1 Qd5 38. Bb2 Qe4 39. Ba1 Kh7 40. Bb2 g5 41. hxg6+ Kxg6 42. Ba1 Kh5 0-1


[Site "https://www.chess.com"]

[Event "Titled Tuesday Blitz April 4 Early 2023"]
[White "Sielecki, Christof"]
[Black "Bowden, Karl"]
[WhiteFideId "4620437"]
[BlackFideId "400548"]
[WhiteElo "2443"]
[BlackElo "2460"]
[Result "1-0"]
[Round "07"]
[TimeControl "180+2"]
[Date "2023.04.04"]
[WhiteClock "0:00:13"]
[BlackClock "0:00:01"]

1. e4 e5 2. Nf3 d5 3. exd5 e4 4. Qe2 Nf6 5. d3 Bb4+ 6. c3 O-O 7. dxe4 Be7 8. Nbd2 Re8 9. Qc4 Bf8 10. Be2 b5 11. Qd4 c5 12. dxc6 Qc7 13. Bxb5 a6 14. Ba4 Nxc6 15. Qc4 Bd7 16. O-O Rac8 17. e5 Nxe5 18. Qxc7 Nxf3+ 19. Nxf3 Rxc7 20. Bxd7 Rxd7 21. Be3 Ng4 22. Bd4 Re2 23. b3 f6 24. Rfe1 Rde7 25. Kf1 Rxe1+ 26. Rxe1 Rb7 27. h3 Nh6 28. g4 Nf7 29. Nd2 Nd6 30. a4 Kf7 31. b4 Rc7 32. Bc5 Nb7 33. Bxf8 Kxf8 34. Re3 a5 35. Ke2 Kf7 36. Kd3 Rd7+ 37. Kc2 Rc7 38. Kb3 Rd7 39. Nc4 axb4 40. cxb4 Rd1 41. Re2 Rd3+ 42. Kc2 Rxh3 43. a5 Nd8 44. b5 Rh1 45. Kb3 1-0


[Site "https://www.chess.com"]

[Event "Titled Tuesday Blitz April 4 Early 2023"]
[White "Bilan, Danila"]
[Black "a-z30"]
[WhiteFideId "24161918"]
[WhiteElo "2182"]
[BlackElo "2443"]
[Result "0-1"]
[Round "07"]
[TimeControl "180+2"]
[Date "2023.04.04"]
[WhiteClock "0:00:04"]
[BlackClock "0:00:24"]

1. d4 d6 2. Nf3 Nf6 3. g3 g6 4. Bg2 Bg7 5. O-O O-O 6. c4 c6 7. Nc3 Bf5 8. Re1 Ne4 9. Qb3 Nxc3 10. Qxc3 c5 11. Be3 Nc6 12. Qd2 b6 13. Rad1 Be4 14. d5 Bxf3 15. exf3 Nd4 16. Bg5 Bf6 17. Bh6 Re8 18. h4 Rb8 19. h5 b5 20. b3 bxc4 21. bxc4 Rb4 22. Qd3 Rb2 23. hxg6 hxg6 24. Rd2 Qb6 25. f4 Rb8 26. Bg5 Rxd2 27. Qxd2 Qb2 28. Qd3 Qc2 29. Be4 Qxd3 30. Bxd3 Nf3+ 31. Kf1 Nxe1 32. Kxe1 Bxg5 33. fxg5 Rb2 34. f4 Rxa2 35. g4 Rb2 36. f5 Kg7 37. Kd1 a5 38. Kc1 Rg2 0-1


[Site "https://www.chess.com"]

[Event "Titled Tuesday Blitz April 4 Early 2023"]
[White "Berezin, Viktor"]
[Black "Guzman Moneo, Alberto"]
[WhiteFideId "14107872"]
[BlackFideId "2209616"]
[WhiteElo "2310"]
[BlackElo "2157"]
[Result "0-1"]
[Round "07"]
[TimeControl "180+2"]
[Date "2023.04.04"]
[WhiteClock "0:01:27"]
[BlackClock "0:00:28"]

1. d4 Nf6 2. Nf3 c5 3. d5 b5 4. c4 b4 5. Qc2 d6 6. e4 g6 7. Bd3 Bg7 8. h3 O-O 9. O-O e6 10. dxe6 Bxe6 11. e5 dxe5 12. Nxe5 Nbd7 13. Bf4 Nh5 14. Nxd7 Nxf4 15. Nxf8 Qg5 16. Be4 Rxf8 17. Kh1 Bf5 18. Nd2 Bxb2 19. g3 Bxa1 20. Bxf5 Qxf5 21. Qxf5 gxf5 22. Rxa1 Nd3 23. Kg2 Re8 24. Kf3 Ne1+ 25. Kf4 Re2 26. Nb3 Nc2 27. Nxc5 Nxa1 0-1


[Site "https://www.chess.com"]

[Event "Titled Tuesday Blitz April 4 Early 2023"]
[White "Drori, Saar"]
[Black "Manon-og, Ramon Jr."]
[WhiteFideId "2812444"]
[BlackFideId "5200776"]
[WhiteElo "2322"]
[BlackElo "2397"]
[Result "1-0"]
[Round "07"]
[TimeControl "180+2"]
[Date "2023.04.04"]
[WhiteClock "0:00:14"]
[BlackClock "0:00:12"]

1. e4 c5 2. Nc3 d6 3. g3 Nc6 4. Bg2 Nf6 5. d3 g6 6. Nge2 Bg7 7. O-O O-O 8. h3 Rb8 9. Be3 b5 10. a3 a5 11. Qd2 b4 12. axb4 axb4 13. Nd1 Bb7 14. f4 Ra8 15. Nf2 Nd7 16. c3 Qb6 17. d4 b3 18. e5 Ra2 19. exd6 exd6 20. dxc5 Nxc5 21. Qxd6 Qb5 22. Qxc5 Qxe2 23. Rae1 Qa6 24. Bc1 Na5 25. Ne4 Nc4 26. Rf2 Rc8 27. Qb4 Bxe4 28. Bxe4 Nd6 29. Bd5 Nf5 30. Qxb3 Ra5 31. Bxf7+ Kh8 32. Be6 Re8 33. Kh2 Rb5 34. Qc4 Rb6 35. Qxa6 Rxa6 36. Rfe2 Re7 37. Bxf5 Rxe2+ 38. Rxe2 gxf5 39. Re8+ Bf8 40. Rxf8+ Kg7 41. Rxf5 Re6 42. Re5 Rd6 43. Be3 1-0


[Site "https://www.chess.com"]

[Event "Titled Tuesday Blitz April 4 Early 2023"]
[White "nicolasulaneobelassi"]
[Black "Sharapov, Evgeny"]
[BlackFideId "14103133"]
[WhiteElo "2308"]
[BlackElo "2367"]
[Result "1-0"]
[Round "07"]
[TimeControl "180+2"]
[Date "2023.04.04"]
[WhiteClock "0:01:12"]
[BlackClock "0:01:34"]

1. e4 c5 2. Nf3 d6 3. Bb5+ Nd7 4. a4 Nf6 5. Qe2 e5 6. O-O Be7 7. c3 O-O 8. d4 Qc7 9. Na3 a6 10. Bd3 b6 11. h3 Bb7 12. d5 Rfe8 13. Be3 Nf8 14. Nd2 Ng6 15. b4 Bf8 16. bxc5 bxc5 17. Nac4 Rab8 18. Rab1 Ba8 19. a5 Nd7 20. g3 Rxb1 21. Rxb1 Rb8 22. Qd1 Rxb1 23. Qxb1 Bb7 24. Bc2 Ne7 25. Ba4 f5 26. f3 fxe4 27. fxe4 Nf6 28. Qb6 Qxb6 29. axb6 Nc8 30. Bc6 1-0


[Site "https://www.chess.com"]

[Event "Titled Tuesday Blitz April 4 Early 2023"]
[White "Buksa, Nataliya"]
[Black "Rosenberg, Evan S"]
[WhiteFideId "14123622"]
[BlackFideId "2019299"]
[WhiteElo "2316"]
[BlackElo "2232"]
[Result "1-0"]
[Round "07"]
[TimeControl "180+2"]
[Date "2023.04.04"]
[WhiteClock "0:02:00"]
[BlackClock "0:00:01"]

1. d4 d5 2. Nc3 Nf6 3. Bf4 a6 4. e3 Bf5 5. Nf3 e6 6. Ne5 c5 7. g4 Be4 8. f3 Bg6 9. h4 cxd4 10. exd4 Qb6 11. Na4 Qa5+ 12. c3 b5 13. Nc5 Bxc5 14. dxc5 b4 15. Qd2 bxc3 16. bxc3 Nbd7 17. h5 Nxe5 18. Bxe5 Nd7 19. Bd6 Nxc5 20. hxg6 fxg6 21. Bxc5 Qxc5 22. Qd4 Qxd4 23. cxd4 O-O 24. Be2 Ra7 25. Kd2 a5 26. Rab1 Kf7 27. Rhc1 h6 28. Rb6 g5 29. Rcc6 Re8 30. Ra6 Rxa6 31. Rxa6 e5 32. dxe5 Rxe5 33. Rxa5 Kf6 34. Rb5 g6 35. a4 h5 36. Rb6+ Kg7 37. gxh5 gxh5 38. a5 d4 39. a6 Ra5 40. Rb5 Ra2+ 41. Ke1 Kf6 42. Rb6+ Ke5 43. Bc4 Ra1+ 44. Kf2 Kf4 45. Rf6+ Ke5 46. Re6+ Kf4 47. Re4+ Kf5 48. Rxd4 h4 49. Bd3+ Ke5 50. Re4+ Kf6 51. Bb5 Ra2+ 52. Kg1 Ra1+ 53. Kg2 Ra2+ 54. Kh3 Kf5 55. Ra4 Rb2 56. a7 1-0


[Site "https://www.chess.com"]

[Event "Titled Tuesday Blitz April 4 Early 2023"]
[White "Shevtchenko, Olesya"]
[Black "Hayrapetyan, Artavazd R."]
[WhiteFideId "24131890"]
[BlackFideId "13304240"]
[WhiteElo "2003"]
[BlackElo "2417"]
[Result "0-1"]
[Round "07"]
[TimeControl "180+2"]
[Date "2023.04.04"]
[WhiteClock "0:00:15"]
[BlackClock "0:01:12"]

1. e4 c6 2. Nc3 d5 3. Qf3 dxe4 4. Nxe4 Nf6 5. Bc4 Nbd7 6. Nxf6+ exf6 7. Ne2 Ne5 8. Qb3 Nxc4 9. Qxc4 Be6 10. Qh4 Bd6 11. Nf4 Bf5 12. Nh5 O-O 13. O-O Bxc2 14. d4 Bg6 15. Be3 Re8 16. Rad1 Re4 17. Qh3 Qa5 18. Ng3 Bxg3 19. Qxg3 Qxa2 20. Qc7 Qb3 21. Ra1 Ree8 22. Rfd1 Rac8 23. Qd6 Red8 24. Qe7 a6 25. h3 Qxb2 26. Rac1 h6 27. Rc5 Qb3 28. Rdc1 Re8 29. Qd7 Be4 30. R5c3 Qb2 31. d5 Bxd5 32. Qg4 Be6 33. Qg3 Kh7 34. Kh2 Rcd8 35. Qc7 Rd7 36. Qa5 Rd5 37. Qc7 Red8 38. R1c2 Qb4 39. Rc4 Qd6+ 40. Qxd6 R8xd6 41. Rb4 Rb5 42. Ra4 Bb3 0-1


[Site "https://www.chess.com"]

[Event "Titled Tuesday Blitz April 4 Early 2023"]
[White "Novikov, Evgenij"]
[Black "Urazayev, Arystanbek"]
[WhiteFideId "4125380"]
[BlackFideId "13709810"]
[WhiteElo "2242"]
[BlackElo "2449"]
[Result "0-1"]
[Round "07"]
[TimeControl "180+2"]
[Date "2023.04.04"]
[WhiteClock "0:00:44"]
[BlackClock "0:01:52"]

1. d4 Nf6 2. c4 e6 3. Nc3 d5 4. cxd5 exd5 5. Bg5 c6 6. e3 Bd6 7. Bd3 h6 8. Bh4 O-O 9. Nge2 Re8 10. Qc2 Nbd7 11. O-O-O b5 12. Kb1 a5 13. Bg3 Nb6 14. Bxd6 Qxd6 15. Nc1 a4 16. e4 dxe4 17. Nxe4 Nxe4 18. Bxe4 Bd7 19. g3 Nd5 20. Rhe1 a3 21. b3 Nb4 22. Qd2 Rxe4 23. Rxe4 Bf5 24. f3 Re8 25. Re1 c5 26. Nd3 Bxe4 27. Rxe4 Rxe4 28. fxe4 Qxd4 0-1


[Site "https://www.chess.com"]

[Event "Titled Tuesday Blitz April 4 Early 2023"]
[White "Weetik, Vjacheslav"]
[Black "Krsnik Cohar, Ivan Vihor"]
[WhiteFideId "4153472"]
[BlackFideId "14520044"]
[WhiteElo "2469"]
[BlackElo "2414"]
[Result "1/2-1/2"]
[Round "07"]
[TimeControl "180+2"]
[Date "2023.04.04"]
[WhiteClock "0:00:11"]
[BlackClock "0:00:07"]

1. d4 Nf6 2. c4 e6 3. g3 Bb4+ 4. Bd2 Qe7 5. Nf3 Nc6 6. Nc3 O-O 7. Bg2 d5 8. cxd5 exd5 9. O-O Ne4 10. Nxd5 Qd6 11. Nxb4 Nxb4 12. Bf4 Qb6 13. Ne5 Nf6 14. a3 Nbd5 15. Bc1 Rd8 16. e4 Ne7 17. Be3 Qxb2 18. Qc1 Qxc1 19. Rfxc1 c6 20. f3 h6 21. Rab1 Nd7 22. Nc4 Nb6 23. Na5 f5 24. h3 g5 25. Bf1 Kg7 26. Kh2 Re8 27. Bd3 Ned5 28. Bd2 fxe4 29. fxe4 Nf6 30. Re1 Re7 31. Bc3 Be6 32. d5 cxd5 33. Rf1 Rf8 34. Rxf6 Rxf6 35. Rf1 Nd7 36. Nxb7 dxe4 37. Bxe4 Bc4 38. Re1 Kf8 39. Bxf6 Nxf6 40. Nd6 Bd5 41. Rf1 Bxe4 42. Rxf6+ Kg7 43. Nxe4 Rxe4 44. Ra6 Re2+ 45. Kg1 Re7 46. Kf2 Rb7 47. Kf3 h5 48. h4 gxh4 49. gxh4 Rf7+ 50. Kg3 Kh7 51. a4 Kg7 52. Ra5 Kh6 53. Rd5 Rb7 54. Rd6+ Kg7 55. Ra6 Rf7 56. a5 Kh7 57. Rc6 Kg7 58. a6 Rd7 59. Rc8 Rd4 60. Rc7+ Kg6 61. Rxa7 Rg4+ 62. Kh3 Ra4 63. Ra8 Kg7 64. Kg3 Kh7 65. Kf3 Kg7 66. Ke3 Rxh4 67. Rb8 Ra4 68. Rb7+ Kg6 69. a7 h4 70. Kf3 Kg5 71. Rb5+ Kg6 72. Rb7 Kg5 73. Kf2 Kg4 74. Rg7+ Kf5 75. Kg2 Ra3 76. Kf2 Kf4 77. Rf7+ Kg4 78. Ke2 h3 79. Rg7+ Kf4 80. Rh7 Kg3 81. Rg7+ Kh2 82. Kd2 Kh1 83. Kc2 h2 84. Kb2 Rxa7 85. Rxa7 Kg2 86. Rg7+ Kf2 87. Rh7 Kg2 88. Rg7+ Kf2 89. Rh7 Kg2 90. Rxh2+ Kxh2 1/2-1/2


[Site "https://www.chess.com"]

[Event "Titled Tuesday Blitz April 4 Early 2023"]
[White "Tokman, Ariel"]
[Black "Krysa, Leandro"]
[WhiteFideId "117420"]
[BlackFideId "116807"]
[WhiteElo "2263"]
[BlackElo "2489"]
[Result "1/2-1/2"]
[Round "07"]
[TimeControl "180+2"]
[Date "2023.04.04"]
[WhiteClock "0:00:12"]
[BlackClock "0:00:07"]

1. e4 c5 2. Nf3 Nc6 3. Bb5 g6 4. O-O Bg7 5. Re1 e5 6. d3 Nge7 7. a4 O-O 8. Nc3 d6 9. Bc4 h6 10. Nd5 Rb8 11. Nd2 Kh7 12. Nf1 Nxd5 13. Bxd5 Ne7 14. Bc4 d5 15. exd5 Nxd5 16. Qf3 Be6 17. a5 Qd7 18. Ne3 Nb4 19. Qe2 Rbd8 20. Bd2 Bxc4 21. Bxb4 Bxd3 22. cxd3 cxb4 23. Red1 Rfe8 24. Nc4 f5 25. Rac1 Qf7 26. Qf3 Rd7 27. b3 Red8 28. h3 Qd5 29. Qe2 h5 30. a6 bxa6 31. Ra1 Qe6 32. Ra4 e4 33. Rxb4 Rxd3 34. Rxd3 Rxd3 35. Rb7 Qd5 36. Rxa7 f4 37. g3 Rd1+ 38. Kh2 e3 39. f3 Qd3 40. Qxd3 Rxd3 41. gxf4 e2 42. Re7 Rxf3 43. Rxe2 Rxb3 44. Nd6 Kh6 45. Re7 Bf6 46. Nf7+ Kg7 47. Rd7 Kf8 48. Ne5 Bxe5 49. fxe5 Re3 50. Rd6 Kf7 51. Rxa6 Rxe5 52. Kg3 Re6 53. Ra7+ Kf6 54. Ra5 g5 55. Ra7 Re3+ 56. Kg2 Rd3 57. Ra6+ Kf5 58. Ra5+ Kf4 59. Ra4+ Ke5 60. Ra5+ Rd5 61. Ra8 Ke4 62. Re8+ Re5 63. Rh8 h4 64. Rf8 Ke3 65. Rf6 Kd2 66. Rg6 Ke2 67. Rf6 Re4 68. Rg6 Re5 69. Rf6 Ke3 70. Rg6 Ke4 71. Rg8 Ra5 72. Re8+ Re5 73. Rg8 Kf4 74. Rf8+ Rf5 75. Ra8 Re5 76. Rf8+ Ke3 77. Rg8 Rd5 78. Re8+ Kd3 79. Rg8 Rc5 80. Kf3 Re5 81. Kg4 Ke4 82. Rxg5 Rxg5+ 83. Kxg5 Ke5 84. Kxh4 Kf6 85. Kh5 Kg7 86. h4 Kh8 87. Kg4 Kg8 88. h5 Kh8 89. h6 Kg8 90. h7+ Kh8 91. Kg5 Kxh7 1/2-1/2


[Site "https://www.chess.com"]

[Event "Titled Tuesday Blitz April 4 Early 2023"]
[White "Jaskolka, Tomasz"]
[Black "De La Colina, Nicolas"]
[WhiteFideId "1170791"]
[BlackFideId "30946921"]
[WhiteElo "2155"]
[BlackElo "2046"]
[Result "1-0"]
[Round "07"]
[TimeControl "180+2"]
[Date "2023.04.04"]
[WhiteClock "0:00:45"]
[BlackClock "0:00:03"]

1. e4 c5 2. Nf3 Nc6 3. b4 cxb4 4. d4 e6 5. a3 Nf6 6. Bd3 d5 7. e5 Ne4 8. O-O Be7 9. Re1 b6 10. axb4 Nxb4 11. Bf1 O-O 12. c3 Nc6 13. Bd3 Bb7 14. Ba3 Na5 15. Qc2 Rc8 16. Bxe7 Qxe7 17. Nfd2 Nxd2 18. Nxd2 h6 19. Reb1 Qc7 20. Ra3 Nc6 21. Qd1 Ra8 22. f4 f5 23. exf6 Rxf6 24. g3 Re8 25. Nf3 Re7 26. Qe2 Rf8 27. Bc2 Rf6 28. Qd3 g6 29. Nh4 Rg7 30. Re1 Ne7 31. Rxa7 Nf5 32. Nxf5 gxf5 33. Qe3 h5 34. h4 Rfg6 35. Kh2 Rxg3 36. Qxe6+ Kh7 37. Bxf5+ Kh8 38. Qe8+ Rg8 39. Qxh5+ Kg7 40. Qh7+ Kf8 41. Qxc7 Rg2+ 42. Kh1 1-0


[Site "https://www.chess.com"]

[Event "Titled Tuesday Blitz April 4 Early 2023"]
[White "Shapiro, Viktor"]
[Black "Prohaszka, Peter"]
[WhiteFideId "4175700"]
[BlackFideId "726265"]
[WhiteElo "2152"]
[BlackElo "2626"]
[Result "0-1"]
[Round "07"]
[TimeControl "180+2"]
[Date "2023.04.04"]
[WhiteClock "0:00:11"]
[BlackClock "0:00:06"]

1. Nf3 d5 2. c3 g6 3. d4 Bg7 4. Bf4 Nh6 5. h3 Nf5 6. Nbd2 Nd7 7. e3 b6 8. a4 a5 9. Bd3 Ba6 10. Bxa6 Rxa6 11. Qe2 Ra8 12. O-O O-O 13. e4 dxe4 14. Nxe4 Re8 15. Rfd1 Nd6 16. Bh2 Nxe4 17. Qxe4 Nf6 18. Qc6 Rc8 19. Ne5 Qd6 20. b4 Nd5 21. Qc4 Qe6 22. Re1 c6 23. bxa5 bxa5 24. Rab1 Bxe5 25. Bxe5 Qd7 26. Qc5 Ra8 27. Rb3 Rec8 28. Reb1 f6 29. Rb7 Qf5 30. Bg3 h5 31. Re1 Re8 32. c4 Nc3 33. Qxf5 gxf5 34. Rexe7 Rxe7 35. Rxe7 Nxa4 36. Bc7 Nc3 37. Re3 Nd1 38. Re6 a4 39. Re1 Nb2 40. d5 Nxc4 41. dxc6 Ne5 42. Bxe5 fxe5 43. Rxe5 a3 44. c7 a2 45. Ra5 a1=Q+ 46. Rxa1 Rxa1+ 47. Kh2 Rc1 48. Kg3 Rxc7 49. Kf4 Rc5 50. Kg5 Rc2 51. g4 fxg4 52. hxg4 hxg4 53. Kxg4 Rxf2 0-1


[Site "https://www.chess.com"]

[Event "Titled Tuesday Blitz April 4 Early 2023"]
[White "Perez Gormaz, Matias"]
[Black "Wahedi, Ahmad Siar"]
[WhiteFideId "3406342"]
[BlackFideId "4651260"]
[WhiteElo "2362"]
[BlackElo "2251"]
[Result "1-0"]
[Round "07"]
[TimeControl "180+2"]
[Date "2023.04.04"]
[WhiteClock "0:00:54"]
[BlackClock "0:00:17"]

1. e4 d6 2. d4 Nf6 3. Bd3 g6 4. Nf3 Bg7 5. O-O O-O 6. c3 c5 7. h3 Nc6 8. Re1 cxd4 9. cxd4 e5 10. d5 Nb8 11. Nc3 a6 12. Be3 Nh5 13. a4 Nf4 14. Bf1 g5 15. Nd2 h6 16. Kh2 Nd7 17. g3 Nf6 18. Nc4 Ng6 19. Nb6 Rb8 20. a5 Bd7 21. Rc1 Be8 22. Be2 Nh7 23. Bg4 Ne7 24. Qc2 Nf6 25. Bf3 Nh7 26. Bg4 Nf6 27. Be2 Nh7 28. Bd3 h5 29. Qe2 f5 30. exf5 Nxf5 31. Be4 Qf6 32. Rf1 Kh8 33. Qd3 Bg6 34. Nd7 Qf7 35. Nxb8 Rxb8 36. g4 hxg4 37. hxg4 Nh4 38. Bxg6 Nxg6 39. Qf5 Qxf5 40. gxf5 Ne7 41. Ne4 Nxf5 42. Rc7 g4 43. Rg1 Bh6 44. Rxg4 Nxe3 45. fxe3 Bxe3 46. Rh4 Bf4+ 47. Kh3 1-0


[Site "https://www.chess.com"]

[Event "Titled Tuesday Blitz April 4 Early 2023"]
[White "Terletsky, Oleg"]
[Black "Vlassov, Nikolai"]
[WhiteFideId "14116774"]
[BlackFideId "4103360"]
[WhiteElo "2084"]
[BlackElo "2324"]
[Result "1-0"]
[Round "07"]
[TimeControl "180+2"]
[Date "2023.04.04"]
[WhiteClock "0:00:02"]
[BlackClock "0:00:06"]

1. e4 c5 2. Nf3 d6 3. d4 cxd4 4. Nxd4 Nf6 5. Nc3 g6 6. Bc4 Bg7 7. Be3 O-O 8. f3 Nc6 9. Qd2 Bd7 10. h4 Qa5 11. Nb3 Qc7 12. h5 Ne5 13. Be2 Nxh5 14. Nd5 Qd8 15. Bh6 e6 16. Bxg7 Kxg7 17. Nc3 Qf6 18. Rxh5 gxh5 19. O-O-O Rad8 20. Rh1 Qg6 21. Qxd6 Qg5+ 22. Kb1 Bb5 23. Qc5 Bxe2 24. Nxe2 Rc8 25. Qf2 Ng6 26. f4 Qg4 27. f5 Ne5 28. Rh4 Qg5 29. Nf4 Kh8 30. Rxh5 Qg4 31. Nc1 exf5 32. Rxf5 f6 33. Ne6 Qxe4 34. Nxf8 Rxf8 35. Rxf6 Rxf6 36. Qxf6+ Kg8 37. Qe6+ Kg7 38. Qe7+ Kg6 39. Qe6+ Kg5 40. a3 h5 41. Nd3 1-0


[Site "https://www.chess.com"]

[Event "Titled Tuesday Blitz April 4 Early 2023"]
[White "Shuvalova, Polina"]
[Black "Romero Pallares, Daniel"]
[WhiteFideId "24171760"]
[BlackFideId "32025637"]
[WhiteElo "2281"]
[BlackElo "2195"]
[Result "1-0"]
[Round "07"]
[TimeControl "180+2"]
[Date "2023.04.04"]
[WhiteClock "0:00:09"]
[BlackClock "0:00:01"]

1. e4 g6 2. d4 Bg7 3. c3 d6 4. Bd3 Nf6 5. Nf3 O-O 6. O-O Nc6 7. Nbd2 e5 8. dxe5 Nxe5 9. Nxe5 dxe5 10. Qc2 Nh5 11. Re1 Bh6 12. Nc4 Bxc1 13. Raxc1 Qe7 14. Rcd1 Nf4 15. Bf1 Kg7 16. g3 Nh5 17. Qb3 b6 18. Qb5 Bg4 19. Be2 Bxe2 20. Rxe2 c5 21. Qd7 Qf6 22. Red2 Rad8 23. Qc7 Rxd2 24. Rxd2 Re8 25. Kg2 Qg5 26. h4 Qg4 27. Nd6 Nf4+ 28. Kg1 Rf8 29. Qe7 Ne6 30. a4 Qf3 31. Ne8+ Kg8 32. Nf6+ Kg7 33. Nd7 Rg8 34. Nxe5 Qxe4 35. Qxf7+ Kh6 36. Qxg8 Qe1+ 37. Kg2 Qxd2 38. Qxe6 c4 39. Ng4+ 1-0


[Site "https://www.chess.com"]

[Event "Titled Tuesday Blitz April 4 Early 2023"]
[White "Volkov, Maksim"]
[Black "Dudzinski, Pawel"]
[WhiteFideId "54123070"]
[BlackFideId "1117890"]
[WhiteElo "2312"]
[BlackElo "2099"]
[Result "1/2-1/2"]
[Round "07"]
[TimeControl "180+2"]
[Date "2023.04.04"]
[WhiteClock "0:00:03"]
[BlackClock "0:00:03"]

1. d4 d5 2. c4 c6 3. Nf3 e6 4. g3 f5 5. Bg2 Nf6 6. O-O Be7 7. Nbd2 O-O 8. Ne5 Nbd7 9. Nd3 Nb6 10. Qc2 Ne4 11. c5 Nxd2 12. Bxd2 Nd7 13. h4 Bf6 14. Qc3 b6 15. Rac1 Ba6 16. cxb6 Bxd3 17. b7 Rb8 18. Qxd3 Qb6 19. Bf4 Rxb7 20. e3 c5 21. dxc5 Nxc5 22. Qa3 Ne4 23. b3 e5 24. Bg5 Bxg5 25. hxg5 Rd8 26. Rfd1 Rbd7 27. Qa4 Nxg5 28. Qh4 Ne4 29. g4 f4 30. Bxe4 dxe4 31. Rxd7 Rxd7 32. Rc8+ Kf7 33. Qh5+ Qg6 34. exf4 Qxh5 35. gxh5 exf4 36. Rc4 Re7 37. f3 Kf6 38. fxe4 Kg5 39. Rc5+ Kg4 40. Kf2 Rxe4 41. Rc7 g5 42. Rxh7 Rd4 43. h6 Rd2+ 44. Ke1 Rxa2 45. Rg7 Rh2 46. h7 a5 47. Kf1 f3 48. Kg1 Rh5 49. Kf2 Rh2+ 50. Kg1 Rh6 51. Kf2 Kf4 52. Rf7+ Ke4 53. Kg3 g4 54. Kxg4 f2 55. Rxf2 Rxh7 56. Rf4+ Kd3 57. Ra4 Ra7 58. b4 Kc4 59. Rxa5 Rxa5 60. bxa5 Kb5 61. a6 Kxa6 1/2-1/2


[Site "https://www.chess.com"]

[Event "Titled Tuesday Blitz April 4 Early 2023"]
[White "Nguyen Hong Nhung"]
[Black "Kleiman, Jake"]
[WhiteFideId "12412201"]
[BlackFideId "2020041"]
[WhiteElo "1968"]
[BlackElo "2604"]
[Result "0-1"]
[Round "07"]
[TimeControl "180+2"]
[Date "2023.04.04"]
[WhiteClock "0:00:11"]
[BlackClock "0:00:27"]

1. e4 e5 2. Nf3 Nc6 3. d4 exd4 4. Nxd4 Bb4+ 5. Nc3 Nf6 6. Nxc6 bxc6 7. Bd3 d5 8. exd5 cxd5 9. O-O O-O 10. Bg5 c6 11. Qf3 Be7 12. h3 h6 13. Bf4 Bd6 14. Rfe1 Be6 15. Rad1 Rb8 16. b3 Rb4 17. Ne2 Re8 18. c4 a5 19. Nd4 Bxf4 20. Nxc6 Qc7 21. Nxb4 axb4 22. cxd5 Bd7 23. Rxe8+ Bxe8 24. g3 Bd6 25. Re1 Qc3 26. Qe3 Bd7 27. Rc1 Qb2 28. Rc2 Qa1+ 29. Kh2 h5 30. Qg5 Qd4 31. Bc4 h4 32. Rd2 Qc3 33. Re2 hxg3+ 34. fxg3 Qf3 35. Rg2 Bf5 36. Be2 Qxd5 37. Rf2 Be4 38. Rxf6 Qxg5 39. Rxd6 Qe3 40. Rd8+ Kh7 41. Bg4 Qf2# 0-1


[Site "https://www.chess.com"]

[Event "Titled Tuesday Blitz April 4 Early 2023"]
[White "Martic, Ivan"]
[Black "Vafin, Ayrat"]
[WhiteFideId "929301"]
[BlackFideId "4146530"]
[WhiteElo "2360"]
[BlackElo "2317"]
[Result "0-1"]
[Round "07"]
[TimeControl "180+2"]
[Date "2023.04.04"]
[WhiteClock "0:00:46"]
[BlackClock "0:00:14"]

1. d4 d5 2. c4 e6 3. Nc3 Be7 4. cxd5 exd5 5. Bf4 c6 6. e3 Bf5 7. g4 Be6 8. h4 Nd7 9. h5 h6 10. Bd3 Ngf6 11. f3 Qa5 12. Ne2 b5 13. O-O O-O 14. Ng3 Nh7 15. Nf5 Bg5 16. Qc2 Bxf4 17. exf4 Nhf6 18. Ne7+ Kh8 19. Nxc6 Qb6 20. Ne5 Nxe5 21. fxe5 Qxd4+ 22. Kg2 Qxe5 23. Nxb5 Bxg4 24. fxg4 Nxg4 25. Kh3 Qxh5+ 26. Kg3 Ne3 27. Qe2 Qg5+ 28. Kh3 Nxf1 29. Rxf1 Rae8 30. Rxf7 Re3+ 31. Kh2 Rxe2+ 32. Bxe2 Rxf7 33. Nd6 Rf2+ 34. Kh3 Qg2+ 35. Kh4 Rf4+ 36. Kh5 Qg5# 0-1


[Site "https://www.chess.com"]

[Event "Titled Tuesday Blitz April 4 Early 2023"]
[White "Nikologorskiy, Konstantin"]
[Black "Petrova, Irina"]
[WhiteFideId "24111708"]
[BlackFideId "14124122"]
[WhiteElo "2293"]
[BlackElo "2084"]
[Result "1-0"]
[Round "07"]
[TimeControl "180+2"]
[Date "2023.04.04"]
[WhiteClock "0:01:28"]
[BlackClock "0:01:14"]

1. d4 d6 2. c4 e5 3. Nf3 e4 4. Ng5 f5 5. Nc3 Be7 6. Nh3 Nf6 7. g3 O-O 8. Bg2 c6 9. O-O Na6 10. Nf4 Nc7 11. h4 Bd7 12. d5 c5 13. b3 Be8 14. Bb2 Nd7 15. f3 exf3 16. exf3 Ne5 17. Ne6 Nxe6 18. dxe6 Bc6 19. f4 Bxg2 20. Kxg2 Nc6 21. Nd5 Rc8 22. Qf3 Re8 23. Rad1 Bf8 24. Rfe1 Qa5 25. a3 Ne7 26. Nc3 a6 27. Rxd6 Nc6 28. Rd7 Nd4 29. Qd5 Re7 30. Rxe7 Bxe7 31. Qxb7 Rd8 32. Qxe7 Nc6 33. Qf7+ Kh8 34. e7 Rd2+ 35. Re2 1-0


[Site "https://www.chess.com"]

[Event "Titled Tuesday Blitz April 4 Early 2023"]
[White "Hnydiuk, Aleksander"]
[Black "M_Bozorov"]
[WhiteFideId "1109057"]
[WhiteElo "2374"]
[BlackElo "2452"]
[Result "0-1"]
[Round "07"]
[TimeControl "180+2"]
[Date "2023.04.04"]
[WhiteClock "0:00:02"]
[BlackClock "0:00:22"]

1. d4 Nf6 2. Nf3 g6 3. g3 Bg7 4. Bg2 O-O 5. c4 c6 6. Nc3 d5 7. Qb3 Qb6 8. O-O Rd8 9. Bf4 dxc4 10. Qxc4 Be6 11. Qd3 Na6 12. Qc2 Nb4 13. Qc1 Bf5 14. a3 Nc2 15. Ra2 Nxd4 16. Nxd4 Qxd4 17. Ra1 Ne4 18. e3 Nxc3 19. bxc3 Qxc3 20. Qxc3 Bxc3 21. Ra2 f6 22. Rc1 Ba5 23. Rb2 g5 24. Rc5 Rd1+ 25. Bf1 Bh3 0-1


[Site "https://www.chess.com"]

[Event "Titled Tuesday Blitz April 4 Early 2023"]
[White "Jain Kashish Manoj"]
[Black "Becerra, Juan David"]
[WhiteFideId "35081098"]
[BlackFideId "4404998"]
[WhiteElo "2191"]
[BlackElo "2276"]
[Result "0-1"]
[Round "07"]
[TimeControl "180+2"]
[Date "2023.04.04"]
[WhiteClock "0:00:05"]
[BlackClock "0:01:03"]

1. Nf3 d5 2. e3 Nf6 3. b3 Bg4 4. Bb2 Nbd7 5. Be2 e6 6. O-O Be7 7. c4 O-O 8. h3 Bh5 9. d4 c6 10. Nbd2 Rc8 11. Ne5 Bxe2 12. Qxe2 Nxe5 13. dxe5 Nd7 14. Rfd1 Qa5 15. e4 Bb4 16. exd5 cxd5 17. cxd5 Rc2 18. dxe6 fxe6 19. Qd3 Rxb2 20. Nc4 Qc5 21. Nxb2 Qxf2+ 22. Kh1 Nxe5 23. Qe4 Bc3 24. Rf1 Qxb2 25. Rxf8+ Kxf8 26. Rf1+ Nf7 27. Qxe6 Bf6 28. Rd1 g6 29. Qc8+ Kg7 30. Qxb7 Be5 31. Rf1 Bf6 32. Qxa7 h5 33. Qf2 Nd6 34. Qxb2 Bxb2 35. Rb1 Ba3 36. b4 Nb5 37. Kg1 Kf6 38. Rb3 Ke5 39. Kf2 Ke4 40. Ke2 Nd4+ 41. Kf2 Nxb3 42. axb3 Bxb4 43. Kg3 g5 44. h4 g4 45. Kf2 Kf4 46. g3+ Ke4 47. Ke2 Bc5 48. Kd2 Kf3 0-1


[Site "https://www.chess.com"]